 Dungeon Crawl Stone Soup version 0.20.1-1-g8b1a95d (webtiles) character file.

125 Salad the Skirmisher (level 4, -2/44 HPs)
             Began as a Deep Dwarf Fighter on July 12, 2017.
             Killed by divine providence
             ... invoked by an orc priest
              (12 damage)
             ... on level 3 of the Dungeon.
             The game lasted 00:06:51 (1914 turns).

Salad the Skirmisher (Deep Dwarf Fighter)           Turns: 1914, Time: 00:06:51

Health: -2/44      AC:  7    Str: 20    XL:     4   Next: 82%
Magic:  3/3        EV:  7    Int:  9    God:
Gold:   189        SH: 12    Dex: 12    Spells: 3/3 levels left

rFire    . . .     SeeInvis .   a - +0 war axe
rCold    . . .     Gourm    .   c - +0 shield
rNeg     . . .     Faith    .   b - +0 scale mail
rPois    .         Spirit   .   (no helmet)
rElec    .         Reflect  +   (no cloak)
rCorr    .         Harm     .   (no gloves)
MR       .....                  (no boots)
Stlth    ..........             r - +3 amulet of reflection
Regen    0.0/turn               (no ring)
MPRegen  0.1/turn               (no ring)

@: non-regenerating
A: damage resistance, heal wounds, sense surroundings 1, no regeneration
a: Heal Wounds


You were on level 3 of the Dungeon.
You were not hungry.

You visited 1 branch of the dungeon, and saw 3 of its levels.

You collected 189 gold pieces.

Inventory:

Hand Weapons
 a - a +0 war axe (weapon)
Armour
 b - a +0 scale mail (worn)
 c - a +0 shield (worn)
Jewellery
 r - a +3 amulet of reflection (around neck)
Wands
 t - a wand of lightning (12/15)
Scrolls
 h - a scroll of remove curse
 k - a scroll of identify {unknown}
 l - a scroll of recharging {unknown}
 n - a scroll of magic mapping {unknown}
 o - 2 scrolls of teleportation {unknown}
 p - a scroll of fog {unknown}
 s - a scroll of noise {unknown}
Potions
 d - a potion of might
 e - a potion of berserk rage {unknown}
 m - a potion of flight {unknown}
Comestibles
 f - a bread ration
 g - a meat ration
 i - 2 royal jellies
 j - 2 fruits
 q - 5 chunks of flesh


   Skills:
 * Level 4.2 Fighting
 - Level 2.1 Axes
 + Level 4.0 Armour
 + Level 4.1 Shields


You had 3 spell levels left.
You didn't know any spells.

Dungeon Overview and Level Annotations

Branches:
Dungeon (3/15)

Altars:
Ashenzari
Qazlal
Trog


Innate Abilities, Weirdness & Mutations

You are resistant to damage.
You can heal yourself by infusing magical energy.
You passively map a small area around you.
You do not regenerate.


Message History

The orc priest is almost dead.
You hit the orc but do no damage. You miss the orc wizard.
You hit the giant cockroach.
The orc wizard is no longer moving quickly.
The giant cockroach bites you but does no damage.
You block the orc wizard's attack.
The orc priest hits you with a falchion.
The orc closely misses you. The orc hits you but does no damage.
The orc wizard hits you but does no damage.
The giant cockroach closely misses you.
The orc priest invokes the aid of Beogh against you.
Beogh smites you!
* * * LOW HITPOINT WARNING * * *
The orc hits you but does no damage.
The orc priest looks braver for a moment.
The giant cockroach bites you but does no damage.
You block the orc wizard's attack.
The orc priest mumbles some strange prayers to Beogh against you.
Beogh smites you!
You die...

####### ###########.....#
#######[...........o..#######
......'.........@o.o..'..)).##
#######..........s....#####..#
* #(..........o...#........#
#.........†%(...#..o!....#
###########.....#.oo.......
#....# #.....#..........
#....# #.....#o.........
#....# #######........?.
#..^.# #..........


You could see an orc priest, an orc wizard, 2 orcs and a giant cockroach.

Vanquished Creatures
  4 adders
  3 worms
  2 dart slugs
  A leopard gecko (D:3)
  5 orcs (D:3)
  A ball python (D:3)
  7 bats
  2 giant cockroaches
  6 goblins
  13 hobgoblins
  2 quokkas
  3 frilled lizards
  8 kobolds
  10 rats
67 creatures vanquished.

Vanquished Creatures (others)
  2 goblins (D:3)
2 creatures vanquished.

Grand Total: 69 creatures vanquished

Notes
Turn   | Place    | Note
-------+----------+-------------------------------------------
     0 | D:1      | Salad the Deep Dwarf Fighter began the quest for the Orb.
     0 | D:1      | Reached XP level 1. HP: 20/20 MP: 1/1
   203 | D:1      | Reached XP level 2. HP: 26/28 MP: 2/2
   576 | D:2      | Reached XP level 3. HP: 31/34 MP: 3/3
   911 | D:2      | Found a stormy altar of Qazlal.
  1021 | D:2      | Found a shattered altar of Ashenzari.
  1183 | D:2      | Found a bloodstained altar of Trog.
  1282 | D:2      | Noticed a moth of wrath
  1284 | D:2      | Found a bloodstained altar of Trog.
  1295 | D:2      | Reached XP level 4. HP: 20/44 MP: 4/4
  1914 | D:3      | Killed from afar by an orc priest

Skill      XL: |  1  2  3  4 |
---------------+-------------+-----
Fighting       | 3 4 |  4.2
Shields        | 4 |  4.1
Armour         | 4 |  4.0
Axes           | |  2.1

Action                   |  1- 3 |  4- 6 || total
-------------------------+-------+-------++-------
Melee: War axe           |   127 |   119 ||   246
 Abil: Heal Wounds       |     1 |     3 ||     4
  Use: Scroll            |     2 |       ||     2
  Eat: Chunk             |     1 |     3 ||     4
Armor: Scale mail        |    60 |    47 ||   107
Dodge: Dodged            |    37 |    43 ||    80
Block: Shield            |    78 |    92 ||   170
       Reflection        |       |     4 ||     4
